 Dungeon Crawl Stone Soup version 0.30-a0-359-gd0147acb1a (webtiles) character file.

Game seed: 15042177605055893106

144274 Birkin the Peltast (level 16, -5/155 HPs)
             Began as a Minotaur Fighter on Nov 12, 2022.
             Was the Champion of Okawaru.
             Slain by a tentacled starspawn (8 damage)
             ... while paralysed by a dread lich
             ... on level 3 of the Abyss.
             The game lasted 00:48:01 (20500 turns).

Birkin the Peltast (Minotaur Fighter)              Turns: 20500, Time: 00:48:02

Health: -5/155     AC: 22    Str: 30    XL:     16   Next: 84%
Magic:  15/15      EV:  2    Int:  7    God:    Okawaru [******]
Gold:   2519       SH:  0    Dex: 21    Spells: 15/15 levels left

rFire   . . .      SeeInvis .    G - +7 war axe of Disaster {vorpal, Str+2}
rCold   + + +      Faith    .    k - +3 buckler {AC+3}
rNeg    . . .      Spirit   .    f - +1 chain mail "Oghezxac" {Rampage Slay+5}
rPois   .          Reflect  .    d - +1 hat "Feluf" {Drain rC++ Regen+ rCorr}
rElec   .          Harm     .    c - scarf {rC+ rF+}
rCorr   +          Rampage  +    U - +2 pair of gloves {Dex+3}
Will    ++...                    (no boots)
Stlth   ..........               R - amulet of Vitality {RegenMP++ Regen++}
HPRegen 2.85/turn                y - ring "Coakaufu" {Int+3 Dex+4 Slay+4}
MPRegen 0.94/turn                V - ring "Ginwaesu" {Wiz rCorr Slay+3}

@: paralysed, lethally poisoned (-5 -> -5)
A: horns 2, retaliatory headbutt, hooves 1, agile 1, cold resistance 1,
strong-willed 1, heat vulnerability 1
a: Renounce Religion, Heroism, Finesse, Duel


You were on level 3 of the Abyss.
You worshipped Okawaru.
Okawaru was exalted by your worship.
You visited 5 branches of the dungeon, and saw 24 of its levels.
You visited the Abyss 2 times.
You also visited: Trove, Gauntlet and Ice Cave.

You collected 3326 gold pieces.
You spent 807 gold pieces at shops.

Inventory:

Hand Weapons
 a - a +3 vorpal executioner's axe
 b - a +0 broad axe
 w - the +11 hand axe "Wiomit" {holy, Str+3 Int+3 Dex+2}
   (Okawaru gifted it to you on level 15 of the Dungeon)

   It has been blessed by the Shining One to cause great damage to the undead
   and demons.
   Str:       It affects your strength (+3).
   Int:       It affects your intelligence (+3).
   Dex:       It affects your dexterity (+2).
 G - the +7 war axe of Disaster (weapon) {vorpal, Str+2}
   (You found it on level 6 of the Dungeon)

   It inflicts extra damage upon your enemies.
   Str:       It affects your strength (+2).
Missiles
 L - a throwing net (quivered)
Armour
 c - a scarf of resistance (worn)
 d - the +1 hat "Feluf" (worn) {Drain rC++ Regen+ rCorr}
   (Okawaru gifted it to you on level 11 of the Dungeon)

   rC:        It greatly protects you from cold.
   Regen:     It increases your rate of health regeneration.
   rCorr:     It protects you from acid and corrosion.
   Drain:     It drains your maximum health when unequipped.
 f - the +1 chain mail "Oghezxac" (worn) {Rampage Slay+5}
   (You found it on level 8 of the Dungeon)

   Slay:      It affects your accuracy & damage with ranged weapons and melee
   (+5).
   Rampage:   It bestows one free step when moving towards enemies.
 k - a +3 buckler of protection (worn)
 l - a +0 cloak
 N - a +0 kite shield of fire resistance
 P - a +4 plate armour
 U - a +2 pair of gloves of dexterity (worn)
Jewellery
 e - a +4 ring of evasion
 g - the brooch of Shielding {Spirit SH+8}
   (You found it in a treasure trove)

   [amulet of guardian spirit]

   It causes incoming damage to be divided between your reserves of health and
   magic.
   SH:        It affects your SH (+8).
 q - the ring of Ywotheisy {rPois Will+ SInv}
   (You found it on level 12 of the Dungeon)

   [ring of willpower]

   rPois:     It protects you from poison.
   SInv:      It lets you see invisible.
   Will:      It increases your willpower.
 u - the ring "Ocsull" {Fly Str+6}
   (You found it in a Gauntlet)

   [ring of flight]

   Str:       It affects your strength (+6).
   Fly:       It grants you flight.
 x - a ring of protection from fire
 y - the ring "Coakaufu" (left hand) {Int+3 Dex+4 Slay+4}
   (You found it in a treasure trove)

   [ring of slaying]

   Int:       It affects your intelligence (+3).
   Dex:       It affects your dexterity (+4).
   Slay:      It affects your accuracy & damage with ranged weapons and melee
   (+4).
 R - the amulet of Vitality (around neck) {RegenMP++ Regen++}
   (You found it in a treasure trove)

   [amulet of magic regeneration]

   It increases your rate of magic regeneration.
   Regen:     It increases your rate of health regeneration.
 S - the ring "Ecraduazi" {rN+ Str+6 Stlth+}
   (You found it on level 5 of the Lair of Beasts)

   [ring of strength]

   Str:       It affects your strength (+6).
   rN:        It protects you from negative energy.
   Stlth:     It makes you more stealthy.
 V - the ring "Ginwaesu" (right hand) {Wiz rCorr Slay+3}
   (You found it in a treasure trove)

   [ring of wizardry]

   It improves your spell success rate.
   Slay:      It affects your accuracy & damage with ranged weapons and melee
   (+3).
   rCorr:     It protects you from acid and corrosion.
Wands
 o - a wand of roots (16)
 C - a wand of digging (7)
 D - a wand of acid (1)
 E - a wand of flame (83)
 H - a wand of mindburst (8)
 I - a wand of polymorph (15)
Scrolls
 i - 4 scrolls of fog
 j - a scroll of immolation
 m - 9 scrolls of teleportation
 p - a scroll of enchant weapon
 J - a scroll of fear
 Q - 2 scrolls of blinking
 T - a scroll of amnesia
Potions
 h - 13 potions of curing
 n - 4 potions of lignification
 r - 7 potions of attraction
 s - 4 potions of brilliance
 t - 2 potions of cancellation
 v - 2 potions of resistance
 z - 10 potions of ambrosia
 A - 4 potions of haste
 B - 5 potions of heal wounds
 F - 2 potions of magic
 K - a potion of berserk rage
 M - 4 potions of flight


   Skills:
 + Level 17.0 Fighting
 + Level 16.8 Axes
 + Level 16.9 Armour
 + Level 15.3 Dodging
 + Level 17.0 Shields


You had 15 spell levels left.
You didn't know any spells.
Your spell library contained the following spells:

 Spells                   Type           Power      Damage    Failure   Level
 Beastly Appendage        Tmut           0%         N/A       50%         1
 Magic Dart               Conj           0%         1d3       50%         1
 Necrotise                Necr           0%         1d4       50%         1
 Sting                    Tmut/Pois      0%         1d3       50%         1
 Poisonous Vapours        Pois/Air       0%         N/A       65%         2
 Wereblood                Tmut           0%         N/A       65%         2
 Frozen Ramparts          Ice            0%         1d1       86%         3
 Mephitic Cloud           Conj/Pois/Air  0%         N/A       86%         3
 Spider Form              Tmut/Pois      0%         N/A       86%         3
 Vampiric Draining        Necr           0%         2d6       86%         3
 Ice Form                 Ice/Tmut       0%         N/A       99%         4
 Olgreb's Toxic Radiance  Pois           0%         N/A       99%         4
 Agony                    Necr           0%         N/A       100%        5
 Blade Hands              Tmut           0%         N/A       100%        5
 Borgnjor's Vile Clutch   Necr/Erth      0%         N/A       100%        5
 Iron Shot                Conj/Erth      0%         9d1       100%        6
 Borgnjor's Revivificati  Necr           0%         N/A       100%        8
 Necromutation            Tmut/Necr      0%         N/A       100%        8
 Death's Door             Necr           0%         N/A       100%        9
 Call Imp                 Summ           Unusable   N/A       N/A         2
 Animate Armour           Summ/Erth      Unusable   N/A       N/A         4
 Animate Dead             Necr           Unusable   N/A       N/A         4
 Summon Ice Beast         Ice/Summ       Unusable   N/A       N/A         4
 Death Channel            Necr           Unusable   N/A       N/A         6

Dungeon Overview and Level Annotations

Branches:
Dungeon (15/15)            Temple (1/1) D:5            Lair (5/5) D:9
  Swamp (0/4) Lair:2       Spider (0/4) Lair:3        Slime (0/5) Lair:4
    Orc (2/2) D:10            Elf (1/3) Orc:2        Vaults (0/5) D:13
 Depths (0/4) D:15          IceCv (visited)         Gauntlet (visited)

Altars:
Ashenzari
Cheibriados
Dithmenos
Elyvilon
Fedhas
Gozag
Hepliaklqana
Kikubaaqudgha
Makhleb
Nemelex Xobeh
Okawaru
Qazlal
Ru
Sif Muna
Trog
Uskayaw
Vehumet
Wu Jian
Xom
Yredelemnul
Zin
The Shining One
Jiyva

Shops:
D:2 [   D:6 (   D:8 :   D:14 (   D:15 (   Orc:2 ?[?

Portals:
Hell: Lair:5

Annotations:
Temple 2 transporters


Innate Abilities, Weirdness & Mutations

You have a pair of horns on your head.
You reflexively headbutt those who attack you in melee.
You have large cloven feet.
You are agile. (Dex +4, Str/Int -1)
Your flesh is cold resistant. (rC+)
You are strong-willed. (Will+)
You are vulnerable to heat. (rF-)


Message History

Unknown command.
Unknown command.
You feel very sick.
The reaper hits you from afar with a +3 vorpal scythe!!
Unknown command.
You closely miss the dread lich. You kick the dread lich!
You headbutt the dread lich.
The dread lich is lightly damaged.
You feel very sick.
Unknown command.
You hit the dread lich but do no damage.
You kick the dread lich, but do no damage.
The dread lich is lightly damaged.
You feel very sick. The reaper shouts, "Death awaits you!"
You block the reaper's attack. The dread lich barely misses you.
Unknown command.
You hit the dread lich but do no damage.
The dread lich is lightly damaged.
You feel very sick.
A green death comes into view.
You block the reaper's attack.
The dread lich points at you and mumbles some strange words.
You suddenly lose the ability to move!
You feel very sick. The dread lich touches you.
Tentacles burst from the starspawn's body!
The reaper hits you from afar with a +3 vorpal scythe!!
You hear a horrible gurgling sound!
Found a gateway leading deeper into the Abyss. 2 starspawn tentacles come into view.
You feel sick.
The dread lich casts a spell.
The dread lich seems to speed up.
The reaper hits you from afar with a +3 vorpal scythe!!
* * * LOW HITPOINT WARNING * * *
x2 The tentacled starspawn bites you!!
* * * LOW HITPOINT WARNING * * *
The tentacled starspawn tentacle-slaps you!
You die...

.. . # # ###
.###. .#.#..
....>. ###..
....§##.#.# #
#.##..2w.# . #
#..#..LX##....
# #..○@w2.*#
..#.###..#....#
# ....#°○○#.##
#..##.○.☼#.#.#
. #..###.## #
#.##..##. #
...### # #.# .
#


You could see a dread lich (fast), a tentacled starspawn, a reaper (summoned), a
green death, 2 starspawn tentacles and a lurking horror.

Vanquished Creatures
  3 tentacled starspawn
  Kirke (D:15)
  A cacodemon (Abyss:2)
  An orc warlord (Orc:2)
  A vampire knight (D:14)
  3 dire elephants (Lair:5)
  Nessos (D:12)
  The ghost of feta the Destroyer, a journeyman DrCj of Gozag (D:12)
  A minotaur (Gauntlet)
  Azrael (D:14)
  A deep elf annihilator (Elf:1)
  Snorg (D:11)
  An ettin (D:13)
  A fire dragon (D:13)
  3 rakshasas
  A catoblepas (Lair:5)
  8 hydras
  Erolcha (D:10)
  7 boulder beetles
  9 two-headed ogres
  A dancing weapon (Elf:1)
  4 centaur warriors
  A death knight (D:14)
  4 thrashing horrors (Abyss:2)
  Urug (D:13)
  2 tengu warriors
  2 hell hogs (Abyss:2)
  A sun demon (Abyss:2)
  Sonja (D:10)
  3 deep elf knights (Elf:1)
  5 skeletal warriors
  A wretched star (Abyss:2)
  A flayed ghost (Abyss:2)
  2 sixfirhies
  A bog body (IceCv)
  An orange crystal statue (Gauntlet)
  A wolf spider zombie (D:15)
  4 deep elf archers (Elf:1)
  3 orc knights
  8 necromancers
  3 wizards
  A spectral wolf spider (D:14)
  7 deep elf zephyrmancers (Elf:1)
  5 manticores
  7 deep elf pyromancers
  4 orc sorcerers
  8 cyclopes
  2 spectral centaurs (D:14)
  9 elephants
  Maurice (D:12)
  A salamander (shapeshifter) (D:11)
  3 naga magi (D:15)
  2 torpor snails (Lair:5)
  2 black mambas (Lair:5)
  2 ice statues (IceCv)
  12 cane toads
  4 orange demons
  A black mamba (shapeshifter) (D:10)
  A smoke demon (Abyss:2)
  Maggie (D:7)
  A gargoyle (D:12)
  Psyche (D:12)
  A cane toad (shapeshifter) (Abyss:2)
  2 centaur skeletons (D:15)
  An efreet (D:12)
  13 komodo dragons
  12 freezing wraiths
  3 anaconda simulacra (IceCv)
  2 kobold demonologists
  3 rime drakes
  2 hellwings
  11 ice devils
  2 ancient zymes (Abyss:2)
  2 tengu conjurers (D:14)
  5 trolls
  6 meliai
  A red devil (Lair:5)
  5 wolf spider simulacra (D:14)
  A queen bee (D:13)
  A tyrant leech (Lair:2)
  7 polar bears
  A hornet (D:10)
  Grinder (D:3)
  11 blink frogs
  4 raiju (Abyss:2)
  9 dream sheep
  15 slime creatures
  A snapping turtle (shapeshifter) (D:13)
  3 flying skulls (D:14)
  2 air elementals (Elf:1)
  3 culicivoras (Lair:3)
  A meliai zombie (D:15)
  5 vampires
  Sigmund (D:3)
  3 dire elephant simulacra (IceCv)
  2 jumping spiders (Lair:3)
  3 shadows
  5 centaur simulacra (D:14)
  43 yaks
  8 wraiths
  6 wyverns
  A steam dragon (D:8)
  5 hogs
  A golden eye (shapeshifter) (D:14)
  3 humans (D:15)
  4 vampire mosquitoes (D:11)
  7 basilisks
  4 neqoxecs (Abyss:2)
  A redback (Lair:3)
  10 large abominations
  3 fire elementals (D:14)
  6 wargs
  2 harpy simulacra (IceCv)
  2 acid dragons
  15 water moccasins
  12 hell hounds
  2 hydra simulacra (IceCv)
  2 sky beasts
  An ice beast (D:6)
  4 black bears
  35 orc warriors
  An ice dragon simulacrum (D:14)
  26 wolves
  5 centaurs
  2 ogres
  A phantom (D:4)
  5 kobold brigands
  A gnoll sergeant (D:6)
  9 bullfrogs
  3 scorpions
  5 small abominations (Abyss:2)
  2 deep troll simulacra (D:14)
  5 wights
  An elephant simulacrum (IceCv)
  31 killer bees
  3 howler monkeys (D:12)
  2 electric eels (Lair:3)
  A quasit (Abyss:2)
  5 hounds
  2 jellies
  17 orc priests
  2 gnoll boudas (D:9)
  An iron imp (Abyss:2)
  Jessica (D:2)
  3 iguanas
  Terence (D:3)
  Natasha (thrice) (D:2)
  24 orc wizards
  A spriggan simulacrum (IceCv)
  A boggart skeleton (D:15)
  2 troll simulacra (IceCv)
  Robin (D:2)
  17 gnolls
  8 adders
  A naga simulacrum (IceCv)
  3 shadow imps
  2 ufetubi (Gauntlet)
  2 worms (D:2)
  3 dart slugs
  77 orcs
  7 ball pythons
  7 endoplasms
  3 giant cockroaches
  14 goblins
  7 hobgoblins
  6 jackals
  4 quokkas
  5 bats
  10 frilled lizards
  11 kobolds
  4 rats
  A bush (D:14)
  A lurking horror (Abyss:2)
  A starspawn tentacle (Abyss:3)
860 creatures vanquished.

Vanquished Creatures (others)
  A deep elf pyromancer (Elf:1)
  A yak (D:10)
  31 bushes (D:14)
  16 fungi
  30 plants
  5 starspawn tentacles
  A withered plant (Gauntlet)
85 creatures vanquished.

Grand Total: 945 creatures vanquished

Notes
Turn   | Place    | Note
-------+----------+-------------------------------------------
     0 | D:1      | Birkin the Minotaur Fighter began the quest for the Orb.
     0 | D:1      | Reached XP level 1. HP: 19/19 MP: 0/0
   118 | D:1      | Reached XP level 2. HP: 27/27 MP: 1/1
   287 | D:1      | Reached skill level 1 in Dodging
   304 | D:1      | Reached XP level 3. HP: 33/33 MP: 2/2
   480 | D:2      | Noticed Robin
   492 | D:2      | Killed Robin
   493 | D:2      | Reached XP level 4. HP: 27/40 MP: 3/3
   572 | D:2      | Identified the +3 rapier "Omitakax" {antimagic, Dex+4}
   639 | D:2      | Noticed Jessica
   640 | D:2      | Found Xufih's Armour Emporium.
   642 | D:2      | Killed Jessica
   706 | D:2      | Found a shadowy altar of Dithmenos.
   858 | D:2      | Noticed Natasha
   865 | D:2      | Killed Natasha
   866 | D:2      | Reached XP level 5. HP: 43/47 MP: 4/4
  1021 | D:2      | Noticed Natasha
  1029 | D:2      | Killed Natasha
  1043 | D:2      | Noticed Natasha
  1048 | D:2      | Killed Natasha
  1116 | D:3      | Noticed Sigmund
  1125 | D:3      | Killed Sigmund
  1126 | D:3      | Reached skill level 5 in Fighting
  1126 | D:3      | Reached skill level 5 in Armour
  1126 | D:3      | Reached skill level 5 in Shields
  1126 | D:3      | Reached XP level 6. HP: 53/56 MP: 5/5
  1225 | D:3      | Noticed Grinder
  1225 | D:3      | Paralysed by Grinder for 4 turns
  1245 | D:3      | Paralysed by Grinder for 2 turns
  1253 | D:3      | Paralysed by Grinder for 3 turns
  1262 | D:3      | Paralysed by Grinder for 4 turns
  1276 | D:3      | Killed Grinder
  1277 | D:3      | Reached XP level 7. HP: 46/61 MP: 6/6
  1679 | D:3      | Noticed Terence
  1685 | D:3      | Killed Terence
  2130 | D:4      | Reached skill level 5 in Axes
  2674 | D:5      | Entered Level 5 of the Dungeon
  2956 | D:5      | Found a staircase to the Ecumenical Temple.
  2967 | Temple   | Entered the Ecumenical Temple
  2967 | Temple   | Found a transporter.
  2967 | Temple   | Found a transporter.
  2969 | Temple   | Found a transporter.
  2969 | Temple   | Found a transporter.
  2996 | Temple   | Became a worshipper of Warmaster Okawaru
  3078 | D:5      | Reached XP level 8. HP: 63/70 MP: 7/7
  3547 | D:6      | Found Diepsifi's Antique Weapon Shoppe.
  3569 | D:6      | HP: 2/71 [orc warrior/+4 mace of protection (9)]
  3789 | D:6      | Identified the +7 war axe of Disaster {vorpal, Str+2}
  3944 | D:6      | Reached skill level 5 in Dodging
  3966 | D:6      | Reached * piety under Okawaru
  3967 | D:6      | Found a shimmering blue altar of Sif Muna.
  3969 | D:6      | Found an ornate altar of the Wu Jian Council.
  3969 | D:6      | Found a sparkling altar of Nemelex Xobeh.
  3983 | D:6      | Found a hide-covered altar of Uskayaw.
  3986 | D:6      | Found a shimmering altar of Xom.
  4365 | D:7      | Noticed Maggie
  4377 | D:7      | Killed Maggie
  4517 | D:7      | Reached XP level 9. HP: 79/79 MP: 8/8
  4849 | D:8      | Reached ** piety under Okawaru
  5113 | D:8      | Found Wuobryne's Book Boutique.
  5204 | D:8      | Identified the +1 chain mail "Oghezxac" {Rampage Slay+5}
  5373 | D:9      | Found a staircase to the Lair.
  5382 | D:9      | Reached *** piety under Okawaru
  5454 | D:9      | Gained mutation: You have large cloven feet. [potion of
                  | mutation]
  5454 | D:9      | Gained mutation: You sometimes lose your temper in combat.
                  | [potion of mutation]
  5454 | D:9      | Gained mutation: You have a somewhat thin skeletal
                  | structure. (Dex +2, Stealth+) [potion of mutation]
  5534 | D:9      | Reached XP level 10. HP: 90/90 MP: 9/9
  5637 | D:9      | Found a huge runed translucent gate.
  5637 | D:9      | Found a huge runed translucent gate.
  5637 | D:9      | Found a huge runed translucent gate.
  5637 | D:9      | Found a huge runed translucent gate.
  5668 | D:9      | Reached **** piety under Okawaru
  5678 | D:9      | Reached ***** piety under Okawaru
  5860 | D:9      | Lost mutation: You sometimes lose your temper in combat.
                  | [potion of mutation]
  5860 | D:9      | Lost mutation: You have a somewhat thin skeletal structure.
                  | (Dex +2, Stealth+) [potion of mutation]
  5860 | D:9      | Lost mutation: You have large cloven feet. [potion of
                  | mutation]
  5860 | D:9      | Gained mutation: You are agile. (Dex +4, Str/Int -1)
                  | [potion of mutation]
  5860 | D:9      | Gained mutation: You passively dampen the noise of your
                  | surroundings. [potion of mutation]
  5860 | D:9      | Gained mutation: You are frail. (-10% HP) [potion of
                  | mutation]
  5861 | D:9      | Lost mutation: You are agile. (Dex +4, Str/Int -1) [potion
                  | of mutation]
  5861 | D:9      | Lost mutation: You passively dampen the noise of your
                  | surroundings. [potion of mutation]
  5861 | D:9      | Gained mutation: You passively dampen the noise of your
                  | surroundings. [potion of mutation]
  6193 | D:10     | Entered Level 10 of the Dungeon
  6242 | D:10     | Noticed a rakshasa
  6247 | D:10     | a yak changed into a black mamba
  6247 | D:10     | Noticed a black mamba (shapeshifter)
  6248 | D:10     | Killed a black mamba
  6251 | D:10     | Reached XP level 11. HP: 55/89 MP: 7/10
  6258 | D:10     | Reached skill level 10 in Fighting
  6268 | D:10     | Killed a rakshasa
  6269 | D:10     | Reached skill level 10 in Armour
  6269 | D:10     | Reached skill level 10 in Shields
  6348 | D:10     | Paralysed by a hornet for 2 turns
  6547 | D:10     | Noticed a two-headed ogre
  6550 | D:10     | Killed a two-headed ogre
  6551 | D:10     | Reached skill level 10 in Axes
  6727 | D:10     | Noticed Erolcha
  6736 | D:10     | Killed Erolcha
  6844 | D:10     | Noticed Sonja
  6848 | D:10     | Killed Sonja
  6848 | D:10     | Identified the +3 ring mail of the Doldrums {Fly rC- Regen+
                  | Str-2} (Okawaru gifted it to you on level 10 of the
                  | Dungeon)
  6848 | D:10     | Received a gift from Okawaru
  6858 | D:10     | Found a staircase to the Orcish Mines.
  6858 | D:10     | Noticed a two-headed ogre
  6863 | D:10     | Killed a two-headed ogre
  7446 | D:11     | Found a gate leading to a gauntlet.
  7476 | Gauntlet | Entered a Gauntlet
  7476 | Gauntlet | Found a transporter.
  7476 | Gauntlet | Found a transporter.
  7479 | Gauntlet | Noticed a sixfirhy
  7484 | Gauntlet | Found a transporter.
  7489 | Gauntlet | Found a transporter.
  7495 | Gauntlet | Noticed a necromancer
  7497 | Gauntlet | Found a transporter.
  7501 | Gauntlet | Found a transporter.
  7512 | Gauntlet | Found a transporter.
  7513 | Gauntlet | Noticed an orange crystal statue
  7526 | Gauntlet | Found a transporter.
  7531 | Gauntlet | Noticed a green death
  7543 | Gauntlet | Found a transporter.
  7544 | Gauntlet | Found a transporter.
  7546 | Gauntlet | Found a runed translucent gate.
  7546 | Gauntlet | Found a runed translucent gate.
  7546 | Gauntlet | Found a runed translucent gate.
  7552 | Gauntlet | Found a transporter.
  7556 | Gauntlet | Found a transporter.
  7562 | Gauntlet | Noticed a fire crab
  7622 | Gauntlet | Killed a sixfirhy
  7651 | Gauntlet | Killed a necromancer
  7651 | Gauntlet | Reached ****** piety under Okawaru
  7655 | Gauntlet | Identified the +6 ring mail of Ignis {*Slow rElec Int+8}
  7660 | Gauntlet | Lost mutation: You are frail. (-10% HP) [potion of
                  | mutation]
  7660 | Gauntlet | Lost mutation: You passively dampen the noise of your
                  | surroundings. [potion of mutation]
  7660 | Gauntlet | Gained mutation: You are weak. (Str -2) [potion of
                  | mutation]
  7661 | Gauntlet | Lost mutation: You are weak. (Str -2) [potion of mutation]
  7661 | Gauntlet | Gained mutation: You have large cloven feet. [potion of
                  | mutation]
  7800 | Gauntlet | Noticed a wizard
  7801 | Gauntlet | Killed an orange crystal statue
  7804 | Gauntlet | Identified the ring "Ocsull" {Fly Str+6}
  7847 | Gauntlet | Noticed a minotaur
  7857 | Gauntlet | Killed a minotaur
  7858 | Gauntlet | Reached XP level 12. HP: 110/110 MP: 8/11
  8285 | D:11     | Noticed a boulder beetle
  8296 | D:11     | Killed a boulder beetle
  8480 | D:11     | Noticed Snorg
  8485 | D:11     | Killed Snorg
  8493 | D:11     | Found a white marble altar of Elyvilon.
  8674 | D:11     | Noticed a two-headed ogre
  8679 | D:11     | Killed a two-headed ogre
  8680 | D:11     | Reached skill level 10 in Dodging
  8721 | D:11     | Noticed a boulder beetle
  8735 | D:11     | Killed a boulder beetle
  8941 | D:11     | Identified the +1 hat "Feluf" {Drain rC++ Regen+ rCorr}
                  | (Okawaru gifted it to you on level 11 of the Dungeon)
  8941 | D:11     | Received a gift from Okawaru
  9123 | D:11     | Noticed a two-headed ogre
  9126 | D:11     | Killed a two-headed ogre
  9138 | D:11     | Noticed a two-headed ogre
  9140 | D:11     | Killed a two-headed ogre
  9169 | D:11     | Noticed a centaur warrior
  9171 | D:11     | Noticed a six-headed hydra
  9177 | D:11     | Noticed a tengu warrior
  9182 | D:11     | Killed a centaur warrior
  9186 | D:11     | Killed an eight-headed hydra
  9189 | D:11     | Killed a tengu warrior
  9189 | Abyss:2  | Cast into level 2 of the Abyss (a wizard)
  9237 | Abyss:2  | Reached XP level 13. HP: 114/119 MP: 12/12
  9249 | Abyss:2  | Gained mutation: You are weak. (Str -2) [a neqoxec]
  9251 | Abyss:2  | Gained mutation: You are frail. (-10% HP) [a neqoxec]
  9302 | Abyss:2  | Found a corrupted altar of Lugonu.
  9303 | Abyss:2  | Noticed a tentacled starspawn
  9314 | Abyss:2  | Killed a tentacled starspawn
  9314 | Abyss:2  | Received a gift from Okawaru
  9376 | Abyss:2  | Found a corrupted altar of Lugonu.
  9542 | Abyss:2  | Found a corrupted altar of Lugonu.
  9543 | Abyss:2  | Noticed a tentacled starspawn
  9544 | Abyss:2  | Killed a tentacled starspawn
  9616 | Abyss:2  | Found a corrupted altar of Lugonu.
  9662 | D:11     | Escaped the Abyss
  9679 | D:11     | Identified the +0 mace "Sarcophage" {vamp, Int+3 Stlth+}
  9856 | D:12     | Noticed Maurice
  9861 | D:12     | Killed Maurice
  9867 | D:12     | Received a gift from Okawaru
 10072 | D:12     | Noticed Psyche
 10302 | D:12     | Killed Psyche
 10390 | D:12     | Noticed Nessos
 10396 | D:12     | Killed Nessos
 10482 | D:12     | Lost mutation: You are frail. (-10% HP) [potion of
                  | mutation]
 10482 | D:12     | Lost mutation: You are weak. (Str -2) [potion of mutation]
 10482 | D:12     | Gained mutation: You are vulnerable to heat. (rF-) [potion
                  | of mutation]
 10482 | D:12     | Gained mutation: You are agile. (Dex +4, Str/Int -1)
                  | [potion of mutation]
 10482 | D:12     | Gained mutation: You are strong-willed. (Will+) [potion of
                  | mutation]
 10688 | D:12     | Found a portal to a secret trove of treasure.
 10828 | D:12     | Found a runed translucent door.
 10831 | D:12     | Noticed feta's ghost (journeyman DrCj)
 10869 | D:12     | Killed feta's ghost
 10875 | D:12     | Identified the ring of Ywotheisy {rPois Will+ SInv}
 10952 | D:13     | Noticed a fire dragon
 10954 | D:13     | Noticed an ettin
 10960 | D:13     | Killed a fire dragon
 10962 | D:13     | Killed an ettin
 10962 | D:13     | Identified the +7 demon whip "Cakeleets" {venom, rPois
                  | Str+4 Stlth+} (Okawaru gifted it to you on level 13 of the
                  | Dungeon)
 10962 | D:13     | Received a gift from Okawaru
 10963 | D:13     | Reached XP level 14. HP: 95/130 MP: 13/13
 11078 | D:13     | Noticed Urug
 11086 | D:13     | Killed Urug
 11654 | D:13     | Found a gate to the Vaults.
 11723 | D:14     | Received a gift from Okawaru
 12166 | D:14     | Found Qyrgh's Weapon Boutique.
 12268 | D:14     | Noticed Azrael
 12277 | D:14     | Killed Azrael
 12321 | D:14     | Received a gift from Okawaru
 12556 | D:14     | Found an ancient bone altar of Kikubaaqudgha.
 12556 | D:14     | Found the +13 scythe of Curses {drain, Drain}
 12556 | D:14     | Noticed a vampire knight
 12568 | D:14     | Killed a vampire knight
 12607 | D:14     | Identified the +1 leather armour "Oluceit" {rPois rN+}
 12828 | D:12     | You paid a toll of 5 scrolls of fear to enter a treasure
                  | trove
 12829 | Trove    | Entered a treasure trove
 12832 | Trove    | Found the amulet of Vitality {RegenMP++ Regen++}
 12832 | Trove    | Found the brooch of Shielding {Spirit SH+8}
 12835 | Trove    | Identified the ring "Nimoang" {rElec MP+9}
 12849 | Trove    | Identified the amulet of Umi Sallacul {RegenMP +Inv}
 12851 | Trove    | Identified the ring "Doifaryi" {Fly Dex+6}
 12853 | Trove    | Identified the amulet "Wiehisip" {Acrobat rF- rC++ Str+3
                  | Dex+2}
 12855 | Trove    | Identified the ring "Ginwaesu" {Wiz rCorr Slay+3}
 12857 | Trove    | Identified the amulet "Rysiageu" {Acrobat rPois Regen+}
 12861 | Trove    | Identified the ring of Sirress {MP+9 Slay+2}
 12866 | Trove    | Identified the ring "Coakaufu" {Int+3 Dex+4 Slay+4}
 12867 | Trove    | Identified the ring of Kuenupp {Drain rElec rC+ rCorr}
 12974 | D:15     | Entered Level 15 of the Dungeon
 12986 | D:15     | Reached XP level 15. HP: 137/139 MP: 14/14
 12995 | D:15     | Found Boimof's Antique Weapon Shop.
 13070 | D:15     | Noticed Kirke
 13074 | D:14     | Reached skill level 15 in Shields
 13126 | D:15     | Reached skill level 15 in Fighting
 13129 | D:15     | Killed Kirke
 13326 | D:15     | Identified the +7 mace "Numum" {protect, *Noise rF+ Str+4}
 13331 | D:15     | Identified the +11 hand axe "Wiomit" {holy, Str+3 Int+3
                  | Dex+2} (Okawaru gifted it to you on level 15 of the
                  | Dungeon)
 13331 | D:15     | Received a gift from Okawaru
 13332 | D:15     | Reached skill level 15 in Armour
 13618 | D:15     | Found a staircase to the Depths.
 13856 | Lair:1   | Entered Level 1 of the Lair of Beasts
 13943 | Lair:1   | Found a shadowy altar of Dithmenos.
 13976 | Lair:1   | Reached skill level 15 in Axes
 14802 | Lair:2   | Found a staircase to the Swamp.
 15535 | Lair:3   | Received a gift from Okawaru
 15664 | Lair:3   | Found a hole to the Spider Nest.
 16501 | Lair:4   | Found a viscous altar of Jiyva.
 16503 | Lair:4   | Found a staircase to the Slime Pits.
 16511 | Lair:4   | Identified the +0 broad axe of Wondrous Power {vorpal, rN+
                  | rCorr SInv Stlth+} (Okawaru gifted it to you on level 4 of
                  | the Lair of Beasts)
 16511 | Lair:4   | Received a gift from Okawaru
 16621 | Lair:4   | Found a shimmering altar of Xom.
 17099 | Lair:5   | Entered Level 5 of the Lair of Beasts
 17330 | Lair:5   | Found a frozen archway.
 17343 | IceCv    | Entered an ice cave
 17459 | IceCv    | Reached XP level 16. HP: 146/151 MP: 15/15
 17865 | Lair:5   | Identified the ring "Ecraduazi" {rN+ Str+6 Stlth+}
 17913 | Lair:5   | Found a burning altar of Makhleb.
 17978 | Lair:5   | Received a gift from Okawaru
 18424 | Lair:5   | Found a gateway to Hell.
 18749 | Orc:1    | Entered Level 1 of the Orcish Mines
 19079 | Orc:2    | Entered Level 2 of the Orcish Mines
 19117 | Orc:2    | Found a staircase to the Elven Halls.
 19434 | Orc:2    | Found Soitiul's Antique Weapon Shop.
 19448 | Orc:2    | Found Xuwuss's Antique Armour Boutique.
 19490 | Orc:2    | Bought a pair of glowing gloves for 247 gold pieces
 19535 | Orc:2    | Found Dyfy's Magic Scroll Shop.
 19550 | Orc:2    | Bought 2 scrolls of fog for 136 gold pieces
 19550 | Orc:2    | Bought a scroll of fear for 68 gold pieces
 19550 | Orc:2    | Bought a scroll of teleportation for 51 gold pieces
 19550 | Orc:2    | Bought a scroll of blinking for 127 gold pieces
 19550 | Orc:2    | Bought a scroll of teleportation for 51 gold pieces
 19550 | Orc:2    | Bought a scroll of enchant armour for 127 gold pieces
 19892 | Orc:2    | Found Kavot's Magic Scroll Emporium.
 19996 | Elf:1    | Entered Level 1 of the Elven Halls
 19998 | Elf:1    | Paralysed by an air elemental for 1 turns
 20042 | Elf:1    | Reached skill level 15 in Dodging
 20198 | Elf:1    | Noticed an Ice Fiend
 20203 | Elf:1    | Noticed a Hell Sentinel
 20204 | Abyss:2  | Cast into level 2 of the Abyss (a deep elf demonologist)
 20255 | Abyss:2  | Received a gift from Okawaru
 20368 | Abyss:2  | Gained mutation: Your flesh is cold resistant. (rC+) [a
                  | neqoxec]
 20416 | Abyss:3  | Noticed a tentacled starspawn
 20423 | Abyss:3  | Killed a tentacled starspawn
 20487 | Abyss:3  | Noticed a dread lich
 20490 | Abyss:3  | Noticed an Ice Fiend
 20494 | Abyss:3  | Noticed a tentacled starspawn
 20498 | Abyss:3  | Paralysed by a dread lich for 5 turns
 20500 | Abyss:3  | HP: 3/155 [tentacled starspawn (21)]
 20500 | Abyss:3  | Slain by a tentacled starspawn

Illustrated notes

Levels and vault maps discovered:
D:1:      erik_arrival_blinker_ship, layout_basic, minmay_misc_feat_plants,
          nicolae_grassy_gnolls
D:2:      layout_basic, basic_altar, serial_shops, nicolae_shop_statue_plus,
          grunt_ministairs_8, uniq_natasha, uniq_robin, uniq_jessica
D:3:      layout_basic, uniq_grinder, uniq_sigmund, uniq_terence
D:4:      layout_basic
D:5:      layout_cave_pools, minmay_temple_entry_antechambers,
          minmay_lizard_king
D:6:      layout_loops_ring, minmay_overflow_temple_star_hex, serial_shops,
          nicolae_shop_advertising_works [nicolae_subvault_shop_adworks]
D:7:      layout_rooms, uniq_maggie
D:8:      layout_rooms, serial_shops, nicolae_shop_behind_doors,
          interstate_on_off
D:9:      lemuel_bear_cage, layout_irregular_city, erik_lair_orcish_takeover,
          minmay_misc_feat_roman
D:10:     cheibrodos_fzero, layout_basic, david_orc_3,
          hangedman_abyss_or_decor_lesser_grid, uniq_sonja, uniq_erolcha
D:11:     minmay_the_grid_triangle_9x9_recursive_3
          [minmay_the_grid_triangle_9x9_wacky_v,
          minmay_the_grid_triangle_9x9_empty,
          minmay_the_grid_triangle_9x9_dagger,
          minmay_the_grid_triangle_9x9_prize_top_heavy,
          minmay_the_grid_triangle_9x9_flanged_cone,
          minmay_the_grid_triangle_9x9_steps,
          minmay_the_grid_triangle_9x9_sprig,
          minmay_the_grid_triangle_9x9_zippers_vertical,
          minmay_the_grid_triangle_9x9_corruption], layout_loops_ring,
          gauntlet_entry_generic, minmay_misc_feat_ornament, elyvilon_altar_1,
          uniq_snorg
D:12:     layout_irregular_city, ebering_ghost_reflecting_pool, enter_trove_6,
          kennysheep_donut, uniq_nessos, uniq_maurice, uniq_psyche
D:13:     layout_roguey [special_room_bee], david_vaults_4, uniq_urug
D:14:     lemuel_vampire_tower, layout_basic, minmay_hedge_maze, serial_shops,
          nicolae_shop_temple_entry_statues_fountains, uniq_azrael
D:15:     grunt_enter_depths_magical_seal, layout_basic, nicolae_two_hexagons,
          serial_shops, shop, uniq_kirke
Temple:   hellmonk_temple_divided_pantheon
Lair:1:   layout_regular_city, basic_altar
Lair:2:   layout_hall_layers, minmay_swamp_entry_worms, serial_bayou_shore_b,
          grunt_megastairs_2
Lair:3:   layout_hall_layers, nicolae_spider_entry_tight_spaces, minivault_27,
          serial_bayou_lake_a
Lair:4:   layout_cave_pods, slime_entry_1, basic_altar, serial_bayou_shore_a
Lair:5:   evil_forest, layout_layer_cave, portal_ice_cave_demonic_guard
Orc:1:    layout_diamond_mine, basic_altar
Orc:2:    grunt_orc_community_town_hall, layout_diamond_mine,
          grunt_orc_community_big_house_1, grunt_orc_community_big_house_1,
          grunt_orc_community_house_2, grunt_orc_community_house_3,
          grunt_orc_community_house_2, grunt_orc_community_house_1,
          grunt_orc_community_house_3, mines_bat_river
Elf:1:    nicolae_elf_arrival_aired_out, layout_onion_city, serial_shops,
          nicolae_shop_crystal, wad_floor_pattern_untrapped
Abyss:3:  base: Lair:1, evilmike_abyss_exit_5, kilobyte_mutagenic_chamber,
          evilmike_abyss_exit_5

Skill      XL: |  1  2  3  4  5  6  7  8  9 10 11 12 13 14 15 16 |
---------------+-------------------------------------------------+-----
Dodging        | 1 2 3 4 5 6 8 9 10 12 13 14 15 | 15.3
Armour         | 4 5 6 7 8 9 11 12 13 14 15 16 | 16.9
Fighting       | 4 5 6 7 8 9 11 12 13 14 16 17 | 17.0
Shields        | 4 5 6 7 8 9 11 12 13 14 16 17 | 17.0
Axes           | 3 4 5 6 8 9 10 12 13 14 15 16 | 16.8

Action                   |  1- 3 |  4- 6 |  7- 9 | 10-12 | 13-15 | 16-18 || total
-------------------------+-------+-------+-------+-------+-------+-------++-------
Melee: War axe           |    63 |    54 |   234 |   256 |   729 |   327 ||  1663
       Headbutt          |    10 |    11 |    28 |    50 |   164 |    65 ||   328
       Kick              |       |       |     2 |    44 |   303 |   116 ||   465
       Unarmed           |       |       |       |       |     9 |       ||     9
Invok: Heroism           |       |       |       |     2 |       |     1 ||     3
       Finesse           |       |       |       |       |       |     1 ||     1
Evoke: Wand              |       |       |       |     2 |       |       ||     2
  Use: Potion            |       |       |     3 |    14 |     7 |       ||    24
       Scroll            |       |       |    16 |     7 |    10 |     2 ||    35
 Stab: Invisible         |       |       |       |     2 |       |       ||     2
Armor: Scale mail        |    41 |    19 |    84 |       |       |       ||   144
       Chain mail        |       |       |     4 |   106 |   184 |    57 ||   351
Dodge: Dodged            |    40 |    25 |   128 |   175 |   311 |    83 ||   762
Block: Buckler           |    18 |    20 |    83 |    99 |   352 |   123 ||   695
       Reflection        |       |       |       |     1 |    14 |       ||    15
       Other             |       |       |       |       |     6 |       ||     6

Table legend: (Time is in decaauts)
 A = Elapsed time spent in this place.
 B = Non-inter-level travel time spent in this place.
 C = Inter-level travel time spent in this place.
 D = Time resting spent in this place.
 E = Time spent auto-exploring this place.
 F = Levels seen in this place.
 G = Mean time per level.
                   A        B        C        D        E       F      G
               +--------+--------+--------+--------+--------+-----+--------+
         Total |  20359 |  19169 |   1190 |    437 |  14387 |  30 |  678.6 |
       Dungeon |  12779 |  11904 |    875 |    274 |   9041 |  15 |  851.9 |
        Temple |     59 |     59 |      0 |      0 |      0 |   1 |   59.0 |
          Lair |   4468 |   4248 |    220 |     14 |   3523 |   5 |  893.6 |
  Orcish Mines |   1212 |   1118 |     94 |      0 |    908 |   2 |  606.0 |
   Elven Halls |    190 |    190 |      0 |      0 |    114 |   1 |  190.0 |
         Abyss |    754 |    754 |      0 |     46 |    426 |   3 |  251.3 |
         Trove |     69 |     69 |      0 |      0 |      0 |   1 |   69.0 |
      Ice Cave |    322 |    322 |      0 |      0 |    198 |   1 |  322.0 |
      Gauntlet |    501 |    501 |      0 |    103 |    176 |   1 |  501.0 |
               +--------+--------+--------+--------+--------+-----+--------+

Top non-repeatable levels by time:
    D:11: 1484 daAuts
    D:10: 1232 daAuts
    D:14: 1192 daAuts
  Lair:5: 1153 daAuts
    D:12: 1100 daAuts
  Lair:4: 1007 daAuts
     D:6: 924 daAuts
     D:4: 911 daAuts
     D:9: 895 daAuts
   Orc:2: 886 daAuts
  Lair:3: 854 daAuts
    D:13: 796 daAuts
  Lair:2: 751 daAuts
  Lair:1: 701 daAuts
     D:5: 689 daAuts
